 Dungeon Crawl Stone Soup version 0.31.0-12-g77e489cdc1 (webtiles) character file.

Game seed: 1272226453160010634

25 bearlyready the Firebug (level 3, 0/25 HPs)
             Began as a Gnoll Fire Elementalist on Feb 17, 2024.
             Slain by a cerulean imp
             ... wielding a +1 spear
             ... summoned by Natasha
              (5 damage)
             ... on level 2 of the Dungeon.
             The game lasted 00:03:11 (1063 turns).

bearlyready the Firebug (Gnoll Fire Elementalist)   Turns: 1063, Time: 00:03:12

Health: 0/25       AC:  3    Str:  7    XL:     3   Next: 4%
Magic:  8/9        EV: 13    Int: 16    God:
Gold:   25         SH:  0    Dex: 12    Spells: 11/12 levels left

rFire   . . .        (no weapon)
rCold   . . .        (no shield)
rNeg    . . .        a - +0 robe
rPois   .            (no helmet)
rElec   .            (no cloak)
rCorr   .            c - +0 pair of gloves
SInv    .            (no boots)
Will    .....        (no amulet)
Stlth   ++           (no ring)
HPRegen 0.24/turn    (no ring)
MPRegen 0.11/turn

%: no passive effects
@: weak-willed, slowed, very slow
A: fangs 1, strong nose, distributed training
a: no special abilities


You were on level 2 of the Dungeon.
You visited 1 branch of the dungeon, and saw 2 of its levels.

You collected 25 gold pieces.

Inventory:

Armour
 a - a +0 robe (worn)
 c - a +0 pair of gloves (worn)
Jewellery
 i - an amulet of reflection
Potions
 b - a potion of magic
 d - 2 potions of curing {unknown}
 f - 2 potions of brilliance {unknown}
 h - a potion of cancellation {unknown}


   Skills:
 + Level 0.6 Fighting
 + Level 0.6 Short Blades
 + Level 0.6 Long Blades
 + Level 0.6 Axes
 + Level 0.6 Maces & Flails
 + Level 0.6 Polearms
 + Level 0.6 Staves
 + Level 0.6 Ranged Weapons
 + Level 0.6 Throwing
 + Level 0.6 Armour
 + Level 4.5 Dodging
 + Level 4.1 Stealth
 + Level 0.6 Shields
 + Level 0.6 Unarmed Combat
 + Level 5.0 Spellcasting
 + Level 2.1 Conjurations
 + Level 0.4 Hexes
 + Level 0.4 Summonings
 + Level 0.4 Necromancy
 + Level 0.4 Translocations
 + Level 5.4 Fire Magic
 + Level 0.4 Ice Magic
 + Level 0.4 Air Magic
 + Level 0.4 Earth Magic
 + Level 0.4 Alchemy
 + Level 0.8 Invocations
 + Level 0.6 Evocations
 + Level 0.5 Shapeshifting


You had 11 spell levels left.
You knew the following spells:

 Your Spells              Type           Power      Damage    Failure   Level
a - Foxfire               Conj/Fire      64%        2x1d7     3%          1

Your spell library contained the following spells:

 Spells                   Type           Power      Damage    Failure   Level
 Scorch                   Fire           42%        2d6       2%          2
 Inner Flame              Hex/Fire       13%        N/A       14%         3
 Volatile Blastmotes      Fire/Tloc      26%        2d12      14%         3
 Flame Wave               Conj/Fire      16%        2d7       32%         4


Dungeon Overview and Level Annotations

Branches:
Dungeon (2/15)

Altars:

Annotations:
D:2 Natasha


Innate Abilities, Weirdness & Mutations

You have very sharp teeth.
Your uncanny sense of smell can sniff out nearby items.
Your experience applies equally to all skills.


Message History

Natasha claws you but does no damage.
You conjure some foxfire!
Natasha barely misses you. The cerulean imp closely misses you.
Natasha mumbles some strange words.
The cerulean imp hits you from afar with a +1 spear.
You hit Natasha.
Natasha is lightly wounded.
The foxfire hits Natasha.
Natasha is moderately wounded.
Natasha mumbles some strange words.
The cerulean imp closely misses you.
You aren't carrying any items that you can evoke.
Unknown command.
As you read the scroll labelled ETIT CAOFFOGH, it crumbles to dust.
You feel aware of your surroundings.
You sensed 1 shop/portal.
It was a scroll of revelation.
Natasha misses you.
The cerulean imp hits you from afar with a +1 spear.
The cerulean imp misses you. Natasha closely misses you.
The cerulean imp barely misses you.
Okay, then.
As you read the scroll labelled TISCHE NISECLU, it crumbles to dust.
A wave of despondency washes over your surroundings.
It was a scroll of vulnerability.
The cerulean imp hits you with a +1 spear.
Natasha claws you but does no damage. The cerulean imp closely misses you.
The cerulean imp misses you.
As you read the scroll labelled TOSOUC ULAI, it crumbles to dust.
It is a scroll of enchant weapon.
You aren't carrying any weapons that can be enchanted.
Natasha claws you.
The cerulean imp hits you but does no damage.
The cerulean imp closely misses you. Natasha barely misses you.
The cerulean imp barely misses you.
You start putting on your amulet.
You continue putting on your amulet of reflection.
The cerulean imp closely misses you. Natasha claws you.
The cerulean imp hits you from afar with a +1 spear.
* * * LOW HITPOINT WARNING * * *
The cerulean imp hits you with a +1 spear.
You die...

*,,* *,,,,* *,*
#####..########,* *,*
#####..########,*****,*
#####..#####...,,,,**,*
#####..........*,,,,,,*
#####5######.##,**,****
#####.######.##,**,*
#####5######.##,**,*
#####Bh@####.##,**,*
#######5####...,,,,*
#######.#######,****
#######.#######,*
#######.#######,*
#######.#######,*
#######.#######,*
#######.#######,********
#<..# *,,,,,,,,,


You could see Natasha (weak-willed), 2 cerulean imps and a giant cockroach
(weak-willed).

Vanquished Creatures
  A dart slug (D:1)
  An endoplasm (D:1)
  2 goblins (D:1)
  2 hobgoblins (D:1)
  A quokka (D:1)
  4 ball pythons (D:1)
  4 bats (D:1)
  2 frilled lizards (D:1)
  4 kobolds (D:1)
  2 rats (D:1)
23 creatures vanquished.

Vanquished Creatures (others)
  69 foxfires
69 creatures vanquished.

Grand Total: 92 creatures vanquished

Notes
Turn   | Place    | Note
-------+----------+-------------------------------------------
     0 | D:1      | bearlyready the Gnoll Fire Elementalist began the quest for
                  | the Orb.
     0 | D:1      | Reached XP level 1. HP: 13/13 MP: 6/6
    41 | D:1      | Reached XP level 2. HP: 14/19 MP: 1/7
   589 | D:1      | Reached skill level 5 in Spellcasting
   589 | D:1      | Reached XP level 3. HP: 25/25 MP: 4/9
  1053 | D:2      | Noticed Natasha
  1063 | D:2      | Slain by a cerulean imp

Illustrated notes

Levels and vault maps discovered:
D:1:      dpeg_arrival_renting, layout_rooms, chequers_decorated_corner
D:2:      layout_loops_ring, serial_shops, nicolae_shop_rolled_up,
          kennysheep_generic_room_6, uniq_natasha

Skill      XL: |  1  2 |
---------------+-------+-----
Conjurations   | 2 |  2.1
Spellcasting   | 5 |  5.0
Fighting       | |  0.6
Short Blades   | |  0.6
Long Blades    | |  0.6
Axes           | |  0.6
Maces & Flails | |  0.6
Polearms       | |  0.6
Staves         | |  0.6
Ranged Weapons | |  0.6
Throwing       | |  0.6
Armour         | |  0.6
Dodging        | |  4.5
Stealth        | |  4.1
Shields        | |  0.6
Unarmed Combat | |  0.6
Hexes          | |  0.4
Summonings     | |  0.4
Necromancy     | |  0.4
Translocations | |  0.4
Fire Magic     | |  5.4
Ice Magic      | |  0.4
Air Magic      | |  0.4
Earth Magic    | |  0.4
Alchemy        | |  0.4
Invocations    | |  0.8
Evocations     | |  0.6
Shapeshifting  | |  0.5

Action                     || total
---------------------------++-------
  Melee: Unarmed           ||     4
         Bite              ||     1
   Cast: Foxfire           ||    44
    Use: Scroll            ||     3
 Armour: Robe              ||    20
  Dodge: Dodged            ||    27
